 Dungeon Crawl Stone Soup version 0.30-a0-223-gcb0039aa0c (webtiles) character file.

Game seed: 6811908596634957809

22343 bjtr the Arsonist (level 12, -3/67 HPs)
             Began as a Gargoyle Fire Elementalist on Oct 7, 2022.
             Was an Elder of Vehumet.
             Shot with an arrow by a centaur warrior (29 damage)
             ... on level 13 of the Dungeon on Oct 9, 2022.
             The game lasted 02:00:00 (16263 turns).

bjtr the Arsonist (Gargoyle Fire Elementalist)     Turns: 16263, Time: 02:00:01

Health: -3/67      AC: 20    Str: 21    XL:     12   Next: 99%
Magic:  13/26      EV: 12    Int: 25    God:    Vehumet [****..]
Gold:   937        SH:  0    Dex: 10    Spells: 2/31 levels left

rFire   + . .      SeeInvis .    b - +7 shortbow of Interdependent Arising {freeze, Str+2}
rCold   x . .      Faith    .    (shield currently unavailable)
rNeg    + . .      Spirit   .    z - +1 troll leather armour
rPois   ∞          Reflect  .    t - +3 helmet of the Wonderful God {rPois rF+ rC- Str+5}
rElec   +          Harm     .    x - +1 cloak
rCorr   .          Rampage  .    (no gloves)
Will    .....                    h - +2 pair of boots
Stlth   ++........               (no amulet)
HPRegen 1.11/turn                u - +6 ring of intelligence
MPRegen 0.20/turn                y - ring of wizardry

@: corroded, invisible
A: sickness immunity, AC +8, negative energy resistance 1, electricity
resistance, torment resistance 1, petrification resistance
a: Renounce Religion


You were on level 13 of the Dungeon.
You worshipped Vehumet.
Vehumet was greatly pleased with you.
You visited 2 branches of the dungeon, and saw 14 of its levels.
You also visited: Ossuary.

You collected 937 gold pieces.

Inventory:

Hand Weapons
 a - a +0 morningstar of protection
 b - the +7 shortbow of Interdependent Arising (weapon) {freeze, Str+2}
   (You found it on level 2 of the Dungeon)

   Any ammunition fired from it freezes those it strikes, dealing additional
   cold damage.
   It can also slow down cold-blooded creatures.
   Str:       It affects your strength (+2).
 k - a +6 long sword
 R - a +0 scimitar
 W - a +1 scimitar of flaming
Missiles
 v - 4 boomerangs of dispersal
 C - 3 throwing nets
 N - 3 silver javelins
 P - 3 curare-tipped darts
Armour
 e - the +0 ring mail "Nesosagg" {rPois rCorr Dex-2 SInv}
   (You found it on level 3 of the Dungeon)

   Dex:       It affects your dexterity (-2).
   rPois:     It protects you from poison.
   SInv:      It lets you see invisible.
   rCorr:     It protects you from acid and corrosion.
 h - a +2 pair of boots (worn)
 t - the +3 helmet of the Wonderful God (worn) {rPois rF+ rC- Str+5}
   (You took it off Robin on level 2 of the Dungeon)

   Str:       It affects your strength (+5).
   rF:        It protects you from fire.
   rC:        It makes you vulnerable to cold.
   rPois:     It protects you from poison.
 x - a +1 cloak (worn)
 z - a +1 troll leather armour (worn)
Magical Staves
 G - a staff of fire
Jewellery
 d - a ring of ice
 u - a +6 ring of intelligence (left hand)
 w - a ring of protection from fire
 y - a ring of wizardry (right hand)
 S - a ring of fire
Wands
 B - a wand of iceblast (11)
 F - a wand of polymorph (14)
 I - a wand of flame (13)
 U - a wand of digging (13)
Scrolls
 f - 2 scrolls of fear
 l - 3 scrolls of torment
 m - 2 scrolls of teleportation
 n - a scroll of blinking
 o - 2 scrolls of identify
 r - a scroll of summoning
 H - 4 scrolls of poison
 K - 3 scrolls of amnesia
 Q - a scroll of enchant weapon
 V - a scroll of magic mapping
 Y - a scroll of butterflies
 Z - 3 scrolls of enchant armour
Potions
 c - 2 potions of cancellation
 g - 6 potions of lignification
 i - 3 potions of attraction
 j - a potion of resistance
 p - a potion of ambrosia
 q - 3 potions of brilliance
 s - 3 potions of might
 A - 5 potions of curing
 D - a potion of flight
 E - a potion of mutation
 J - 2 potions of haste
 M - a potion of invisibility
 T - a potion of berserk rage
Miscellaneous
 L - a condenser vane (inert)


   Skills:
 + Level 4.6 Fighting
 + Level 1.1 Maces & Flails
 + Level 9.4 Ranged Weapons
 + Level 6.7 Armour
 + Level 3.8 Dodging
 + Level 3.5 Stealth
 + Level 10.3 Spellcasting
 + Level 4.4 Conjurations
 * Level 12.6 Fire Magic
 + Level 1.6 Ice Magic


You had 2 spell levels left.
You knew the following spells:

 Your Spells              Type           Power      Damage    Failure   Level
a - Foxfire               Conj/Fire      100%       2x1d9     1%          1
b - Scorch                Fire           100%       2d10      1%          2
c - Inner Flame           Hex/Fire       44%        N/A       1%          3
d - Kindle Blastsparks    Fire/Tloc/Air  66%        2d15      1%          3
e - Flame Wave            Conj/Fire      53%        2d13      1%          4
f - Fireball              Conj/Fire      26%        3d12      1%          5
g - Passwall              Tmut/Erth      10%        N/A       3%          2
h - Freezing Cloud        Conj/Ice/Air   11%        6-21      8%          5
i - Blink                 Tloc           24%        N/A       3%          2
j - Momentum Strike       Conj/Tloc      46%        3d9       1%          2

Your spell library contained the following spells:

 Spells                   Type           Power      Damage    Failure   Level
 Sandblast                Erth           24%        2d8       1%          1
 Apportation              Tloc           24%        N/A       2%          1
 Beastly Appendage        Tmut           24%        N/A       2%          1
 Necrotise                Necr           48%        1d6       2%          1
 Summon Small Mammal      Summ           48%        N/A       2%          1
 Ensorcelled Hibernation  Hex/Ice        32%        N/A       2%          2
 Wereblood                Tmut           12%        N/A       3%          2
 Stone Arrow              Conj/Erth      46%        3d9       1%          3
 Lesser Beckoning         Tloc           24%        N/A       7%          3
 Spider Form              Tmut/Pois      12%        N/A       7%          3
 Anguish                  Hex/Necr       6%         N/A       22%         4
 Cause Fear               Hex            6%         N/A       22%         4
 Discord                  Hex            6%         N/A       100%        8


Dungeon Overview and Level Annotations

Branches:
Dungeon (13/15)            Temple (1/1) D:7            Lair (0/5) D:9
    Orc (0/2) D:11         Vaults (0/5) D:13        Ossuary (visited)

Altars:
Ashenzari
Cheibriados
Dithmenos
Elyvilon
Fedhas
Gozag
Hepliaklqana
Kikubaaqudgha
Makhleb
Nemelex Xobeh
Okawaru
Qazlal
Ru
Sif Muna
Trog
Uskayaw
Vehumet
Wu Jian
Xom
Yredelemnul
Zin
The Shining One

Shops:
D:9 =

Annotations:
D:5 1 transporter, hgbash's ghost, novice GrEE


Innate Abilities, Weirdness & Mutations

You are immune to sickness and miasma.
Your stone body is resilient. (AC +8)
You are immune to poison.
You resist negative energy. (rN+)
You are resistant to electric shocks. (rElec)
You are resistant to unholy torment.
You are immune to petrification.


Message History

The centaur warrior is engulfed in blazing flames.
The forest fire spreads!
The centaur warrior shoots an arrow.
The arrow closely misses you.
The centaur warrior shoots an arrow.
The arrow hits you!
The centaur warrior shoots an arrow.
The arrow hits you!
* * * LOW HITPOINT WARNING * * *
Unknown command.
You feel much better.
You are engulfed in blazing flames.
You resist.
The centaur warrior is engulfed in a cloud of scalding steam.
The centaur warrior shoots an arrow.
The arrow barely misses you.
The centaur warrior is engulfed in a cloud of scalding steam.
The centaur warrior shoots an arrow.
The arrow hits you.
The acid dragon is engulfed in blazing flames.
Unknown command.
You fade into invisibility!
The acid dragon misses you. The acid dragon barely misses you.
The forest fire spreads!
Unknown command.
Casting: Flame Wave (safe; 1% risk of failure)
Confirm with . or Enter, or press ? or * to list all spells.
Aiming: Freezing Cloud (dangerous; 8% risk of failure)
Press: ? - help, Dir - move target, f - centaur warrior
Aim: a centaur warrior, wielding a +0 longbow (heavily wounded, unable to see you)
The centaur warrior is engulfed in freezing vapours.
The centaur warrior shoots an arrow.
The arrow completely misses you.
The centaur warrior is engulfed in freezing vapours.
The acid dragon is engulfed in blazing flames.
The acid dragon spits acid at you. The splash of acid misses you.
Unknown command.
Casting: Freezing Cloud (dangerous; 8% risk of failure)
Confirm with . or Enter, or press ? or * to list all spells.
Aiming: Inner Flame (safe; 1% risk of failure)
Press: ? - help, Dir - move target, f/p - centaur warrior
Aim: a centaur warrior, wielding a +0 longbow (flame, severely wounded, unable to see you, chance to affect: 81%)
The centaur warrior is filled with an inner flame.
The centaur warrior is engulfed in blazing flames.
Flame seeps out of the centaur warrior.
The centaur warrior shoots an arrow.
The arrow hits you!!
You die...

...######∩## ......##...##
♣..#.....
......#<....#♣♣..#.... ♣♣
#######....>#....#... ?..
#<....# ♣..#.. ..♣ ##...##
♣..#. #..♣ #########∩###
♣..'#####'..♣ ......#..)..#
♣....○§.§...♣ #######.....#
♣.@D§§§☼§...♣ # #.....#
♣♣♣§§§§♣♣♣♣♣♣ # #..(..#
♣♣§c§♣ #######.....####
##§## ......#.###.#.≈♣
♣♣.§♣♣
#####.#.#.#†..≈♣♣♣♣~~≈§§♣ .
#.#.#⌠'...~.♣.~♣.~.§♣ D..
#####.#.#.#....~♣~.♣~..♣♣~.♣
......#.###.#..♣~♣♣♣.~§~~♣


You could see a centaur warrior (inner flame, unable to see you) and an acid
dragon (unable to see you, catching breath).

Vanquished Creatures
  A hydra (D:13)
  Fannar (D:10)
  3 centaur warriors (D:13)
  3 two-headed ogres
  A boulder beetle (D:13)
  A tengu warrior (D:13)
  2 manticores
  4 deep elf pyromancers
  3 cyclopes (D:13)
  3 gargoyles
  2 kobold demonologists
  3 unseen horrors
  A hornet (D:8)
  8 slime creatures
  A shadow (D:10)
  2 wyverns
  9 vampire mosquitoes
  4 yaks
  A basilisk (D:13)
  A steam dragon (D:8)
  2 wargs (D:9)
  Edmund (D:6)
  3 acid dragons
  2 water moccasins
  8 orc warriors
  2 ice beasts
  2 black bears (D:8)
  An ogre (D:4)
  4 centaurs
  A phantom (D:6)
  3 kobold brigands
  3 gnoll sergeants
  3 bullfrogs
  A necrophage (D:2)
  11 scorpions
  10 wights
  7 killer bees
  A howler monkey (D:13)
  A centaur zombie (Ossuary)
  5 jellies
  8 orc priests
  4 human zombies (Ossuary)
  6 hounds
  5 iguanas
  3 scorpion zombies (Ossuary)
  Natasha (thrice) (D:3)
  12 orc wizards
  3 mummies (Ossuary)
  Robin (D:2)
  12 gnolls
  7 adders
  2 shadow imps
  2 white imps
  An ufetubus (D:5)
  A worm (D:3)
  3 dart slugs
  50 orcs
  7 ball pythons
  8 endoplasms
  4 giant cockroaches
  18 goblins
  6 hobgoblins
  4 jackals
  12 kobolds
  4 quokkas
  4 bats
  3 frilled lizards (D:1)
  6 gnoll zombies (Ossuary)
  A goblin zombie (Ossuary)
  A hobgoblin zombie (Ossuary)
  3 kobold zombies (Ossuary)
  2 orc zombies (Ossuary)
  7 rats
338 creatures vanquished.

Vanquished Creatures (collateral kills)
  A wraith (D:11)
1 creature vanquished.

Vanquished Creatures (others)
  A centaur warrior (D:13)
  An efreet (D:13)
  A basilisk (D:13)
  224 foxfires
  10 plants
237 creatures vanquished.

Grand Total: 576 creatures vanquished

Notes
Turn   | Place    | Note
-------+----------+-------------------------------------------
     0 | D:1      | bjtr the Gargoyle Fire Elementalist began the quest for the
                  | Orb.
     0 | D:1      | Reached XP level 1. HP: 10/10 MP: 3/3
   238 | D:1      | Reached XP level 2. HP: 15/15 MP: 1/5
   320 | D:1      | Learned a level 2 spell: Scorch
   931 | D:1      | Reached XP level 3. HP: 15/19 MP: 0/6
  1506 | D:2      | Reached skill level 1 in Armour
  1871 | D:2      | Found a faded altar of an unknown god.
  1881 | D:2      | Identified the +7 shortbow of Interdependent Arising
                  | {freeze, Str+2}
  1909 | D:2      | Reached skill level 4 in Fire Magic
  1909 | D:2      | Reached XP level 4. HP: 24/24 MP: 7/7
  1920 | D:2      | Identified the +3 helmet of the Wonderful God {rPois rF+
                  | rC- Str+5}
  1920 | D:2      | Noticed Robin
  1936 | D:2      | Killed Robin
  2178 | D:2      | Noticed a necrophage
  2189 | D:2      | Killed a necrophage
  2190 | D:2      | Reached skill level 1 in Ranged Weapons
  2190 | D:2      | Reached XP level 5. HP: 27/28 MP: 9/9
  2356 | D:2      | Learned a level 3 spell: Inner Flame
  2360 | D:2      | Learned a level 3 spell: Kindle Blastsparks
  2424 | D:3      | Identified the +0 ring mail "Nesosagg" {rPois rCorr Dex-2
                  | SInv}
  3189 | D:3      | Noticed Natasha
  3195 | D:3      | Killed Natasha
  3329 | D:3      | Noticed Natasha
  3332 | D:3      | Killed Natasha
  3533 | D:3      | Noticed Natasha
  3540 | D:3      | Killed Natasha
  3541 | D:3      | Reached XP level 6. HP: 25/33 MP: 1/10
  3952 | D:4      | You fall into a shaft and drop 2 floors!
  3995 | D:6      | Noticed Edmund
  4026 | D:6      | Killed Edmund
  4027 | D:6      | Reached skill level 1 in Fighting
  4239 | D:5      | Entered Level 5 of the Dungeon
  4362 | D:4      | Reached XP level 7. HP: 38/38 MP: 12/12
  4562 | D:4      | Found an iron altar of Okawaru.
  4765 | D:4      | Found a radiant altar of Vehumet.
  4774 | D:4      | Became a worshipper of Vehumet
  4884 | D:5      | Found a hazy altar of Hepliaklqana.
  4906 | D:5      | Noticed hgbash's ghost (novice GrEE)
  4907 | D:5      | Found a transporter.
  4967 | D:5      | Reached skill level 5 in Ranged Weapons
  5110 | D:5      | Reached skill level 5 in Fire Magic
  5110 | D:5      | Reached XP level 8. HP: 44/44 MP: 14/14
  6179 | D:6      | Reached * piety under Vehumet
  6179 | D:6      | Offered knowledge of Shock by Vehumet.
  6186 | D:6      | Reached skill level 6 in Fire Magic
  6415 | D:6      | Reached skill level 5 in Spellcasting
  6420 | D:6      | Reached XP level 9. HP: 49/49 MP: 4/16
  6719 | D:6      | Learned a level 4 spell: Flame Wave
  6850 | D:6      | Identified the +3 leather armour "Turul" {Rampage rPois
                  | Int-2}
  6990 | D:7      | Found a sand-covered staircase.
  6994 | Ossuary  | Entered an ossuary
  7234 | Ossuary  | Offered knowledge of Poisonous Vapours by Vehumet.
  7235 | Ossuary  | Reached ** piety under Vehumet
  7380 | Ossuary  | Reached skill level 7 in Fire Magic
  7702 | D:7      | Found a staircase to the Ecumenical Temple.
  7717 | Temple   | Entered the Ecumenical Temple
  8016 | D:7      | Offered knowledge of Frozen Ramparts by Vehumet.
  8451 | D:7      | Reached *** piety under Vehumet
  9127 | D:8      | Reached skill level 8 in Fire Magic
  9208 | D:8      | Noticed a hornet
  9216 | D:8      | Reached XP level 10. HP: 56/56 MP: 20/20
  9587 | D:8      | Offered knowledge of Stone Arrow by Vehumet.
  9864 | D:9      | Noticed a two-headed ogre
  9878 | D:9      | Killed a two-headed ogre
  9951 | D:9      | Reached skill level 1 in Maces & Flails
 10081 | D:9      | Found Deogg's Jewellery Boutique.
 10245 | D:9      | Upgraded the game from 0.30-a0-219-gf2db51d15e to
                  | 0.30-a0-222-ge547ba4400
 10245 | D:9      | Found a staircase to the Lair.
 10309 | D:9      | Reached **** piety under Vehumet
 10421 | D:9      | Offered knowledge of Fireball by Vehumet.
 10428 | D:9      | Learned a level 5 spell: Fireball
 10790 | D:9      | Found a burning altar of Makhleb.
 10793 | D:9      | Found a glowing silver altar of Zin.
 10793 | D:9      | Noticed an angel
 10795 | D:9      | Noticed a balrug
 11056 | D:10     | Entered Level 10 of the Dungeon
 11096 | D:10     | Reached skill level 5 in Armour
 11096 | D:10     | Reached skill level 9 in Fire Magic
 11113 | D:10     | Noticed a kobold demonologist
 11129 | D:9      | Reached XP level 11. HP: 60/60 MP: 9/23
 11216 | D:10     | Noticed a soul eater
 11341 | D:10     | Noticed a two-headed ogre
 11367 | D:10     | Killed a two-headed ogre
 11543 | D:10     | Noticed Fannar
 11554 | D:10     | Killed Fannar
 11780 | D:10     | Found a glowing golden altar of the Shining One.
 12050 | D:10     | Found a shadowy altar of Dithmenos.
 12091 | D:10     | Learned a level 2 spell: Passwall
 12973 | D:11     | Reached ***** piety under Vehumet
 12979 | D:11     | Offered knowledge of Freezing Cloud by Vehumet.
 12986 | D:11     | Learned a level 5 spell: Freezing Cloud
 12993 | D:11     | Noticed a sixfirhy
 13026 | D:11     | Reached skill level 10 in Fire Magic
 13192 | D:11     | Upgraded the game from 0.30-a0-222-ge547ba4400 to
                  | 0.30-a0-223-gcb0039aa0c
 13192 | D:11     | Found a staircase to the Orcish Mines.
 14015 | D:12     | Noticed a deep elf pyromancer
 14017 | D:12     | Killed a deep elf pyromancer
 14094 | D:12     | Noticed a manticore
 14099 | D:12     | Killed a manticore
 14155 | D:12     | Noticed a deep elf pyromancer
 14159 | D:12     | Killed a deep elf pyromancer
 14331 | D:11     | Reached skill level 11 in Fire Magic
 14336 | D:11     | Reached XP level 12. HP: 30/66 MP: 11/25
 14906 | D:13     | Noticed a two-headed ogre
 15057 | D:13     | Killed a two-headed ogre
 15206 | D:13     | Noticed a boulder beetle
 15215 | D:13     | Killed a centaur warrior
 15217 | D:13     | Noticed a centaur warrior
 15279 | D:13     | Killed a centaur warrior
 15283 | D:13     | Noticed a centaur warrior
 15283 | D:13     | Killed a boulder beetle
 15284 | D:13     | Reached skill level 12 in Fire Magic
 15295 | D:13     | Killed a centaur warrior
 15466 | D:13     | Noticed a seven-headed hydra
 15474 | D:13     | Identified a scroll of acquirement
 15474 | D:13     | Acquired a book of Spatial Translocations
 15479 | D:13     | Learned a level 2 spell: Blink
 15482 | D:13     | Learned a level 2 spell: Momentum Strike
 15493 | D:13     | Killed a seven-headed hydra
 15494 | D:13     | Reached skill level 10 in Spellcasting
 15498 | D:13     | Reached skill level 1 in Ice Magic
 15538 | D:13     | Noticed a tengu warrior
 15541 | D:13     | Killed a tengu warrior
 15571 | D:13     | Noticed a centaur warrior
 15576 | D:13     | Killed a centaur warrior
 15955 | D:13     | Found a gate to the Vaults.
 16252 | D:13     | Noticed a centaur warrior
 16263 | D:13     | Shot with an arrow by a centaur warrior

Illustrated notes

Levels and vault maps discovered:
D:1:      saegor_arrival_simple_a, layout_loops_corners
D:2:      layout_basic, basic_ecumenical_altar, nicolae_elevator_lobby_asterisk,
          uniq_robin
D:3:      layout_basic, uniq_natasha
D:4:      minmay_general_purpose_star, layout_cave_pools,
          overflow_temple_1_default, mainiacjoe_overflow_catwalk
D:5:      layout_cave_pools, overflow_temple_1_default, gammafunk_ghost_smash,
          chequers_serial_rivers_small_3
D:6:      minmay_chambers_of_threes, layout_basic, uniq_edmund
D:7:      layout_loops_corners, temple_doors_cd, enter_bailey_5,
          nicolae_ossuary_entry_plus
D:8:      layout_cave_pools, minmay_fractal_squares_diagonal_5
D:9:      layout_long_grid, grunt_temple_overflow_order_and_chaos_2,
          erik_lair_orcish_takeover, serial_shops, kennysheep_little_box
D:10:     layout_loops_corners, grunt_dithmenos_smoke_and_mirrors,
          general_overflow_altar, special_room [special_room_orc], uniq_fannar
D:11:     layout_roguey, david_orc_3
D:12:     layout_rooms
D:13:     nzn_winding_woodlands_stair_trap [nzn_winding_woodlands_5x15_zeroes,
          nzn_winding_woodlands_5x15_cabin,
          nzn_winding_woodlands_5x15_sidewinder,
          nzn_winding_woodlands_15x15_killbox,
          nzn_winding_woodlands_5x15_lazy_stream,
          nzn_winding_woodlands_5x15_crooked,
          nzn_winding_woodlands_5x15_pockets], layout_long_grid
Temple:   bh_familiar_temple

Skill      XL: |  1  2  3  4  5  6  7  8  9 10 11 12 |
---------------+-------------------------------------+-----
Armour         | 1 2 3 5 6 |  6.7
Fire Magic     | 4 5 6 8 9 11 12 | 12.6
Ranged Weapons | 1 2 3 5 6 7 8 9 |  9.4
Spellcasting   | 3 4 5 7 8 9 10 | 10.3
Fighting       | 1 2 3 4 |  4.6
Dodging        | 2 3 |  3.8
Conjurations   | 2 3 4 |  4.4
Stealth        | 3 |  3.5
Maces & Flails | 1 |  1.1
Ice Magic      | 1 |  1.6

Action                   |  1- 3 |  4- 6 |  7- 9 | 10-12 || total
-------------------------+-------+-------+-------+-------++-------
Melee: Long sword        |     8 |       |       |       ||     8
       Club              |     5 |       |       |       ||     5
       Morningstar       |       |       |   145 |    21 ||   166
       Punch             |       |       |     2 |       ||     2
 Fire: Shortbow          |     1 |    63 |   125 |   221 ||   410
Throw: Throwing net      |       |       |     1 |       ||     1
 Cast: Foxfire           |    53 |    13 |     9 |    45 ||   120
       Scorch            |     6 |    12 |    70 |   120 ||   208
       Inner Flame       |       |     1 |     7 |    19 ||    27
       Kindle Blastspark |       |     4 |    16 |    17 ||    37
       Flame Wave        |       |       |     7 |    13 ||    20
       Fireball          |       |       |       |    17 ||    17
       Freezing Cloud    |       |       |       |    15 ||    15
       Momentum Strike   |       |       |       |     1 ||     1
Evoke: Condenser vane    |       |       |       |     1 ||     1
  Use: Scroll            |       |    10 |    12 |    13 ||    35
       Potion            |       |     2 |     1 |     6 ||     9
 Stab: Sleeping          |     1 |       |       |       ||     1
Armor: Leather armour    |     6 |     8 |       |       ||    14
       Robe              |     3 |       |       |       ||     3
       Ring mail         |       |     8 |       |       ||     8
       Troll leather arm |       |       |   243 |   152 ||   395
Dodge: Dodged            |    30 |    24 |   225 |   176 ||   455

Table legend: (Time is in decaauts)
 A = Elapsed time spent in this place.
 B = Non-inter-level travel time spent in this place.
 C = Inter-level travel time spent in this place.
 D = Time resting spent in this place.
 E = Time spent auto-exploring this place.
 F = Levels seen in this place.
 G = Mean time per level.
                   A        B        C        D        E       F      G
               +--------+--------+--------+--------+--------+-----+--------+
         Total |  16416 |  15459 |    957 |   4030 |   8216 |  15 | 1094.4 |
       Dungeon |  15417 |  14482 |    935 |   3821 |   7800 |  13 | 1185.9 |
        Temple |    383 |    361 |     22 |    100 |    241 |   1 |  383.0 |
       Ossuary |    615 |    615 |      0 |    109 |    175 |   1 |  615.0 |
               +--------+--------+--------+--------+--------+-----+--------+

Top non-repeatable levels by time:
     D:6: 1816 daAuts
    D:10: 1756 daAuts
     D:1: 1426 daAuts
     D:9: 1386 daAuts
     D:7: 1303 daAuts
    D:13: 1266 daAuts
     D:3: 1248 daAuts
    D:11: 1073 daAuts
     D:2: 979 daAuts
     D:4: 854 daAuts
    D:12: 815 daAuts
     D:8: 757 daAuts
     D:5: 734 daAuts
 Ossuary: 615 daAuts
  Temple: 383 daAuts
